 Dungeon Crawl Stone Soup version 0.25.0-1-g7eea58d (webtiles) character file.

Game seed: 2087478253401090436

13 BakedSpriggan the Ducker (level 2, -7/18 HPs)
             Began as a Deep Elf Chaos Knight on June 18, 2020.
             Was a Plaything of Xom.
             Mangled by a hornet (shapeshifter) (10 damage)
             ... while paralysed by a hornet
             ... on level 1 of the Dungeon.
             The game lasted 00:02:22 (396 turns).

BakedSpriggan the Ducker (Deep Elf Chaos Knight)     Turns: 396, Time: 00:02:23

Health: -7/18      AC:  5    Str:  9    XL:     2   Next: 24%
Magic:  4/4        EV:  2    Int: 16    God:    Xom [..*...]
Gold:   10         SH:  0    Dex: 14    Spells: 1/1 levels left

rFire    . . .     SeeInvis .   a - +0 spear (chaos)
rCold    . . .     Gourm    .   (no shield)
rNeg     . . .     Faith    .   b - +2 leather armour
rPois    .         Spirit   .   (no helmet)
rElec    .         Reflect  .   (no cloak)
rCorr    .         Harm     .   (no gloves)
MR       .....                  (no boots)
Stlth    +.........             (no amulet)
HPRegen  0.06/turn              (no ring)
MPRegen  0.09/turn              (no ring)

@: paralysed, lethally poisoned (-7 -> -14)
A: no striking features
a: Renounce Religion


You were on level 1 of the Dungeon.
You worshipped Xom.
You were a toy of Xom.
You were not hungry.

You visited 1 branch of the dungeon, and saw 1 of its levels.

You collected 10 gold pieces.

Inventory:

Hand Weapons
 a - a +0 spear of chaos (weapon)
Missiles
 d - 17 sling bullets
 i - 13 stones (quivered)
 m - 26 arrows
Armour
 b - a +2 leather armour (worn)
Scrolls
 e - a scroll of random uselessness {unknown}
 f - a scroll of remove curse {unknown}
 l - a scroll of magic mapping {unknown}
Potions
 h - a potion of curing {unknown}
 j - a potion of heal wounds {unknown}
 k - a potion of might {unknown}
Comestibles
 c - a ration
 g - 2 chunks of flesh


   Skills:
 + Level 2.5 Fighting
 * Level 2.4 Polearms
 - Level 0.7 Armour
 + Level 2.7 Dodging
 + Level 1.0 Stealth


You had one spell level left.
You didn't know any spells.
Your spell library was empty.

Dungeon Overview and Level Annotations

Branches:
Dungeon (1/15)

Altars:


Message History

The hobgoblin misses you. The frilled lizard barely misses you.
You hit the hobgoblin but do no damage.
The hobgoblin is severely wounded.
The hobgoblin hits you but does no damage.
The frilled lizard misses you.
You hit the hobgoblin.
The hobgoblin changes into a shapeshifter!
The shapeshifter is moderately wounded.
The shapeshifter changes into a hornet!
The frilled lizard barely misses you.
You hit the hornet but do no damage. The hornet stings you!
Ouch! That really hurt!
* * * LOW HITPOINT WARNING * * *
You are lethally poisoned!
You suddenly lose the ability to move!
The frilled lizard bites you but does no damage.
* * * LOW HITPOINT WARNING * * *
You feel sick. The leopard gecko barely misses you. The hornet stings you!
Ouch! That really hurt!
You die...
Xom is highly amused!

.................. ##
#....÷.# ,* #.####.##
#..# #..### ######
##.####...###...... ####
#....###..........
...#####................
.#....##÷...............
...............(@l......
########........yl.[....
#................
#........#K......
#........#.......
#................
#........ .......
######## .......


You could see a hornet shaped shifter, a leopard gecko, a kobold and a frilled
lizard.

Vanquished Creatures
  A leopard gecko (D:1)
  3 bats (D:1)
  2 giant cockroaches (D:1)
  A hobgoblin (D:1)
  A frilled lizard (D:1)
  2 kobolds (D:1)
  A rat (D:1)
11 creatures vanquished.

Notes
Turn   | Place    | Note
-------+----------+-------------------------------------------
     0 | D:1      | BakedSpriggan the Deep Elf Chaos Knight began the quest for
                  | the Orb.
     0 | D:1      | Reached XP level 1. HP: 13/13 MP: 3/3
    94 | D:1      | XOM: silly message
   160 | D:1      | XOM is BORED!
   160 | D:1      | XOM: noise
   172 | D:1      | Reached XP level 2. HP: 16/18 MP: 4/4
   197 | D:1      | XOM: divination: magic mapping
   325 | D:1      | XOM: silly message
   329 | D:1      | Reached skill level 1 in Stealth
   394 | D:1      | Noticed a shapeshifter
   394 | D:1      | a hobgoblin changed into a shapeshifter
   394 | D:1      | Noticed a hornet
   394 | D:1      | a shapeshifter changed into a hornet
   395 | D:1      | Paralysed by a hornet for 2 turns
   396 | D:1      | Mangled by a hornet (shapeshifter)

Illustrated notes

Levels and vault maps discovered:
D:1:      matt_arrival_diagonals, layout_rooms

Skill      XL: |  1  2 |
---------------+-------+-----
Stealth        | 1 |  1.0
Fighting       | |  2.5
Polearms       | |  2.4
Armour         | |  0.7
Dodging        | |  2.7

Action                   || total
-------------------------++-------
Melee: Spear             ||    46
Throw: Stone             ||     3
 Stab: Petrifying        ||     1
Armor: Leather armour    ||    14
Dodge: Dodged            ||    31
